 Dungeon Crawl Stone Soup version 0.28.0-53-g5a82cb258f (webtiles) character file.

Game seed: 5348844176269056197

177 boopmooplesden the Covered (level 5, 0/47 HPs)
             Began as a Minotaur Fighter on June 13, 2022.
             Splashed by a jelly's acid (5 damage)
             ... on level 3 of the Dungeon.
             The game lasted 00:02:08 (2432 turns).

boopmooplesden the Covered (Minotaur Fighter)       Turns: 2432, Time: 00:02:09

Health: 0/47       AC:  0    Str: 22    XL:     5   Next: 30%
Magic:  4/4        EV:  9    Int:  5    God:
Gold:   119        SH:  4    Dex: 10    Spells: 4/4 levels left

rFire   . . .      SeeInvis .   a - +0 long sword
rCold   . . .      Faith    .   c - +0 buckler
rNeg    . . .      Spirit   .   b - +0 scale mail
rPois   .          Reflect  .   (helmet restricted)
rElec   .          Harm     .   (no cloak)
rCorr   .          Rampage  .   (no gloves)
Will    .....                   (no boots)
Stlth   ..........              (no amulet)
HPRegen 0.15/turn               (no ring)
MPRegen 0.09/turn               (no ring)

@: mighty, corroded
A: horns 2, retaliatory headbutt
a: no special abilities


You were on level 3 of the Dungeon.
You visited 1 branch of the dungeon, and saw 3 of its levels.

You collected 119 gold pieces.

Inventory:

Hand Weapons
 a - a +0 long sword (weapon)
Armour
 b - a +0 scale mail (worn)
 c - a +0 buckler (worn)
Scrolls
 i - a scroll of torment
Potions
 d - a potion of might
 f - a potion of curing {unknown}
 h - a potion of cancellation {unknown}


   Skills:
 + Level 4.5 Fighting
 + Level 4.2 Long Blades
 + Level 5.2 Armour
 + Level 0.5 Dodging
 + Level 4.1 Shields


You had 4 spell levels left.
You didn't know any spells.
Your spell library contained the following spells:

 Spells                   Type           Power      Damage    Failure   Level
 Ensorcelled Hibernation  Hex/Ice        0%         N/A       95%         2
 Anguish                  Hex/Necr       0%         N/A       100%        4


Dungeon Overview and Level Annotations

Branches:
Dungeon (3/15)

Altars:


Innate Abilities, Weirdness & Mutations

You have a pair of horns on your head.
You reflexively headbutt those who attack you in melee.


Message History

The orc hits you with a +0 dagger.
You slash the orc!
You kill the orc!
The orc hits you with a +0 dagger. The orc wizard casts a spell at you.
The puff of flame hits you!
A jelly comes into view.
The jelly quivers.
The orc closely misses you. You block the orc wizard's attack.
Items here: ( )) [[.
You closely miss the orc wizard. You block the orc's attack.
The orc wizard hits you with a +0 dagger.
You closely miss the orc.
The orc is severely wounded.
A ball python comes into view.
You block the orc's attack.
The orc wizard hits you but does no damage.
The ball python moves out of view.
You hit the orc.
The orc is almost dead.
The orc hits you but does no damage.
The orc wizard hits you but does no damage.
The jelly hits you. The acid corrodes you!
You are splashed with acid!
The orc closely misses you. You furiously retaliate!
You headbutt the orc.
You kill the orc!
The orc wizard hits you with a +0 dagger.
The jelly closely misses you. The orc wizard casts a spell at you.
The puff of flame hits you.
* * * LOW HITPOINT WARNING * * *
The ball python hisses angrily.
Items here: $ )) [ ††.
Okay, then.
You feel very mighty all of a sudden. The jelly hits you.
* * * LOW HITPOINT WARNING * * *
You are splashed with acid!
* * * LOW HITPOINT WARNING * * *
You hit the jelly. The acid corrodes you!
Your hands burn!
You die...

....> #.#.# #.#.#
...## #...#
###S#.# #.)o.S#
#J###.### #@#
#<..#######.
#...###..oo......
##).# ##.........
.... ##........
P...# #........
##PP)# .....?...
##)## #........
#) ##.......
......#


You could see a jelly and a ball python.

Vanquished Creatures
  An ogre (D:2)
  2 adders (D:2)
  A worm (D:2)
  A dart slug (D:1)
  4 orcs (D:3)
  4 ball pythons
  4 endoplasms
  2 giant cockroaches (D:2)
  15 goblins
  9 hobgoblins
  3 bats
  4 frilled lizards
  4 kobolds
  4 rats
58 creatures vanquished.

Notes
Turn   | Place    | Note
-------+----------+-------------------------------------------
     0 | D:1      | boopmooplesden the Minotaur Fighter began the quest for the
                  | Orb.
     0 | D:1      | Reached XP level 1. HP: 19/19 MP: 0/0
   145 | D:1      | Reached skill level 4 in Armour
   244 | D:1      | Reached XP level 2. HP: 27/27 MP: 1/1
   359 | D:1      | Got the Catalogue of the Oath
  1243 | D:2      | Reached XP level 3. HP: 25/33 MP: 2/2
  1827 | D:2      | Reached XP level 4. HP: 39/40 MP: 3/3
  1840 | D:2      | Reached skill level 5 in Armour
  2068 | D:2      | Noticed an ogre
  2076 | D:2      | Killed an ogre
  2077 | D:2      | Reached XP level 5. HP: 25/47 MP: 4/4
  2432 | D:3      | Splashed by a jelly's acid

Illustrated notes

Levels and vault maps discovered:
D:1:      nzn_arrival_settlement, layout_basic
D:2:      cheibrodos_greedy_goblins, layout_basic
D:3:      layout_rooms, uniq_crazy_yiuf_cottage

Skill      XL: |  1  2  3  4 |
---------------+-------------+-----
Armour         | 4 5 |  5.2
Fighting       | 4 |  4.5
Shields        | 4 |  4.1
Long Blades    | 3 4 |  4.2
Dodging        | |  0.5

Action                   |  1- 3 |  4- 6 || total
-------------------------+-------+-------++-------
Melee: Long sword        |    85 |    30 ||   115
       Headbutt          |    20 |     4 ||    24
  Use: Scroll            |       |     5 ||     5
       Potion            |       |     1 ||     1
Armor: Scale mail        |    33 |    18 ||    51
Dodge: Dodged            |    29 |    13 ||    42
Block: Buckler           |    18 |     7 ||    25
